 Dungeon Crawl Stone Soup version 0.32-a0-913-g739538afd8 (webtiles) character file.

Game seed: 9926165040532034754

1257 Revguard the Trooper (level 8, 0/79 HPs)
             Began as an Oni Fire Elementalist on Apr 8, 2024.
             Slain by Sigmund
             ... wielding a +0 scythe
              (9 damage)
             ... on level 5 of the Dungeon on Apr 9, 2024.
             The game lasted 00:18:51 (4263 turns).

Revguard the Trooper (Oni Fire Elementalist)        Turns: 4263, Time: 00:18:52

Health: 0/79       AC:  4    Str: 13    XL:     8   Next: 51%
Magic:  3/14       EV: 15    Int: 16    God:
Gold:   311        SH:  0    Dex: 17    Spells: 8/15 levels left

rFire   + . .        d - +2 whip (holy)
rCold   + . .        (no shield)
rNeg    . . .        t - +1 robe
rPois   +            (helmet restricted)
rElec   +            (no cloak)
rCorr   +            (gloves unavailable)
SInv    .            (boots unavailable)
Will    .....        (no amulet)
Stlth   ++           p - +5 ring of evasion
HPRegen 0.33/turn    i - +6 ring of dexterity
MPRegen 0.14/turn

%: no passive effects
@: resistant
A: large, unfitting armour, horns 1, tough skin 1, double potion healing,
drunken brawling
a: no special abilities


You were on level 5 of the Dungeon.
You visited 1 branch of the dungeon, and saw 5 of its levels.

You collected 311 gold pieces.

Inventory:

Hand Weapons
 d - a +2 whip of holy wrath (weapon)
 k - a +1 mace of protection
 x - a +4 spear of freezing
Armour
 a - a +0 robe
 t - a +1 robe (worn)
Jewellery
 c - a ring of positive energy
 i - a +6 ring of dexterity (right hand)
 p - a +5 ring of evasion (left hand)
Wands
 v - a wand of polymorph (5)
Scrolls
 b - a scroll of silence {unknown}
 f - a scroll of fog {unknown}
 g - 3 scrolls of teleportation {unknown}
 h - a scroll of fear {unknown}
 j - a scroll of poison {unknown}
 l - a scroll of noise {unknown}
 m - 5 scrolls of identify {unknown}
 n - a scroll of vulnerability {unknown}
Potions
 e - a potion of berserk rage {unknown}
 o - a potion of brilliance {unknown}
 q - a potion of haste {unknown}
 r - a potion of enlightenment {unknown}
 s - a potion of resistance
 u - a potion of might {unknown}
 w - a potion of lignification {unknown}


   Skills:
 + Level 4.5 Fighting
 - Level 2.3(2.7) Maces & Flails
 + Level 2.1(2.6) Staves
 + Level 2.8 Armour
 + Level 3.6 Dodging
 - Level 1.4 Stealth
 + Level 4.4 Spellcasting
 + Level 3.0 Conjurations
 + Level 4.1 Fire Magic
 + Level 2.8 Alchemy


You had 8 spell levels left.
You knew the following spells:

 Your Spells              Type           Power      Damage    Failure   Level
a - Foxfire               Conj/Fire      60%        2x1d7     3%          1
b - Scorch                Fire           32%        2d6       4%          2
c - Sting                 Conj/Alch      52%        1d6       4%          1
d - Volatile Blastmotes   Fire/Tloc      20%        2d11      21%         3

Your spell library contained the following spells:

 Spells                   Type           Power      Damage    Failure   Level
 Shock                    Conj/Air       32%        1d5       9%          1
 Mercury Vapours          Alch/Air       16%        N/A       14%         2
 Inner Flame              Hex/Fire       10%        N/A       21%         3
 Ensorcelled Hibernation  Hex/Ice        6%         N/A       24%         2
 Lesser Beckoning         Tloc           6%         N/A       24%         2
 Flame Wave               Conj/Fire      15%        2d7       36%         4
 Maxwell's Portable Pile  Tloc           3%         2d(5-14)  43%         3
 Passwall                 Erth           3%         N/A       43%         3
 Swiftness                Air            3%         N/A       43%         3
 Teleport Other           Tloc           3%         N/A       43%         3
 Olgreb's Toxic Radiance  Alch           12%        N/A       45%         4
 Airstrike                Air            1%         2d(1-17)  85%         4


Dungeon Overview and Level Annotations

Branches:
Dungeon (5/15)
 Temple: D:4-7

Altars:
Ashenzari
Cheibriados
Elyvilon
Gozag
Uskayaw
Yredelemnul

Shops:
D:2 (

Annotations:
D:5 Grinder, Sigmund


Innate Abilities, Weirdness & Mutations

You are too large for most types of armour.
You have a pair of small horns on your head.
You have tough skin. (AC +1)
You gain doubled healing and magic from potions.
Whenever you drink a healing potion, you attack all around you.


Message History

* * * LOW HITPOINT WARNING * * *
Unknown command.
You closely miss Grinder. You headbutt Grinder.
Grinder is moderately wounded.
Grinder completely misses you.
You closely miss Grinder.
Grinder is moderately wounded.
Sigmund misses you. Grinder hits you.
* * * LOW HITPOINT WARNING * * *
Sigmund misses you.
Grinder says, "Wait up."
Things that are here:
a +0 flail; a +0 leather armour; an orc corpse Grinder attacks as she pursues you!
Grinder hits you!
* * * LOW HITPOINT WARNING * * *
You see here a +0 dagger.
Sigmund gestures at you while chanting. The puff of flame hits you.
* * * LOW HITPOINT WARNING * * *
You closely miss Grinder. You headbutt Grinder, but do no damage.
Grinder is moderately wounded.
Sigmund misses you. Grinder hits you but does no damage.
Found a kite shield.
You hit Grinder but do no damage. You headbutt Grinder.
Grinder is moderately wounded.
Grinder says, "Wait up."
Grinder barely misses you.
Sigmund mumbles some strange words.
Sigmund flickers and vanishes!
Deactivating autopickup; reactivate with Ctrl-A.
You hit Grinder.
Grinder convulses.
Grinder is severely wounded.
You hit Grinder.
Grinder convulses.
You headbutt Grinder, but do no damage.
Grinder is almost dead.
Grinder misses you.
It was a potion of resistance.
You feel protected. Grinder gestures at you.
You struggle to resist.
Something hits you!
You die...

# #
########################
##...........†.........#...
##.#######.#.)).)........#
##.#######...###)#.#.#.###
..........#..# #5#.#.#
.............# #@#o#.#
##...........# #>..#.#
##..#####.##.# .......
....# #. ...#........#
##.## #. ............[ ##.#
## ..#.#....... #.# ##.
....... #. ..##.#.


You could see Grinder.

Vanquished Creatures
  Duvessa (D:4)
  A black bear (D:4)
  The ghost of P0WERM0DE the Trooper, an amateur CoCK of Xom (D:3)
  Blork the orc (D:4)
  A bullfrog (D:3)
  A scorpion (D:4)
  4 wights (D:4)
  Dowan (D:4)
  A bombardier beetle (D:3)
  A jelly (D:5)
  2 orc priests
  4 hounds
  Natasha (twice) (D:3)
  3 orc wizards
  4 adders
  A shadow imp (D:5)
  4 ribbon worms
  A dart slug (D:3)
  11 orcs
  6 ball pythons
  10 endoplasms
  3 giant cockroaches
  5 goblins
  6 hobgoblins
  9 jackals
  14 kobolds
  2 quokkas
  4 bats
  3 frilled lizards (D:1)
  7 rats
114 creatures vanquished.

Vanquished Creatures (others)
  59 foxfires
59 creatures vanquished.

Grand Total: 173 creatures vanquished

Notes
Turn   | Place    | Note
-------+----------+-------------------------------------------
     0 | D:1      | Revguard the Oni Fire Elementalist began the quest for the
                  | Orb.
     0 | D:1      | Reached XP level 1. HP: 16/16 MP: 3/3
   104 | D:1      | Reached skill level 1 in Conjurations
   288 | D:1      | Reached XP level 2. HP: 26/26 MP: 3/5
   675 | D:1      | Reached skill level 1 in Fighting
   675 | D:1      | Reached XP level 3. HP: 32/33 MP: 6/6
   795 | D:1      | Found a faded altar of an unknown god.
  1021 | D:2      | Found Qipn's Weapon Shoppe.
  1053 | D:2      | Reached skill level 1 in Staves
  1447 | D:3      | Reached XP level 4. HP: 38/41 MP: 8/8
  1460 | D:3      | Learned a level 2 spell: Scorch
  1462 | D:3      | Learned a level 1 spell: Sting
  1550 | D:3      | Found an opulent altar of Gozag.
  1693 | D:3      | Reached skill level 1 in Alchemy
  1696 | D:3      | Noticed Natasha
  1704 | D:3      | Killed Natasha
  1705 | D:3      | Reached skill level 1 in Armour
  1705 | D:3      | Reached XP level 5. HP: 49/49 MP: 1/9
  1775 | D:3      | Found a snail-covered altar of Cheibriados.
  1795 | D:3      | Found a broken altar of Ashenzari.
  1816 | D:3      | Found a basalt altar of Yredelemnul.
  1874 | D:3      | Found a hide-covered altar of Uskayaw.
  1874 | D:3      | Found a white marble altar of Elyvilon.
  1947 | D:3      | Found a runed translucent gate.
  1967 | D:3      | Noticed Natasha
  1973 | D:3      | Killed Natasha
  2075 | D:3      | Reached skill level 1 in Maces & Flails
  2168 | D:3      | Found an opulent altar of Gozag.
  2169 | D:3      | Found a runed translucent gate.
  2169 | D:3      | Found a runed translucent gate.
  2171 | D:3      | Noticed P0WERM0DE's ghost (amateur CoCK)
  2427 | D:3      | Killed P0WERM0DE's ghost
  2428 | D:3      | Reached XP level 6. HP: 46/59 MP: 1/10
  2642 | D:4      | Learned a level 3 spell: Volatile Blastmotes
  2744 | D:4      | Noticed Dowan
  2744 | D:4      | Noticed Duvessa
  3057 | D:4      | Killed Duvessa
  3058 | D:4      | Reached XP level 7. HP: 65/67 MP: 3/12
  3060 | D:4      | Killed Dowan
  3218 | D:4      | Noticed Blork the orc
  3233 | D:4      | Killed Blork the orc
  3639 | D:4      | Reached XP level 8. HP: 78/78 MP: 7/14
  3649 | D:4      | HP: 2/67 [wight/+0 scimitar (4)]
  3897 | D:5      | Entered Level 5 of the Dungeon
  4242 | D:5      | Noticed Grinder
  4244 | D:5      | Noticed Sigmund
  4246 | D:5      | Paralysed by Grinder for 3 turns
  4263 | D:5      | Slain by Sigmund

Illustrated notes

Levels and vault maps discovered:
D:1:      mrwooster_arrival_arrow, layout_loops_ring,
          dreamdust_ecumenical_altar_hidden_monk_grotto,
          minmay_misc_feat_nine_boxes, minmay_pentomino_u2
D:2:      layout_rooms, serial_shops, nicolae_shop_behind_doors,
          grunt_ministairs_14
D:3:      layout_basic, grunt_temple_overflow_open,
          mainiacjoe_overflow_small_starburst, slow_altar_2,
          mainiacjoe_overflow_big_doors, ebering_ghost_gozag, uniq_natasha
D:4:      layout_cave_pools, uniq_blork_the_orc, uniq_duvessa
D:5:      layout_loops_ring, uniq_grinder, uniq_sigmund

Skill      XL: |  1  2  3  4  5  6  7  8 |
---------------+-------------------------+-----
Conjurations   | 1 2 3 |  3.0
Dodging        | 2 3 |  3.6
Fighting       | 1 2 3 4 |  4.5
Staves         | 1 2 |  2.1
Fire Magic     | 3 4 |  4.1
Alchemy        | 1 2 |  2.8
Armour         | 1 2 |  2.8
Spellcasting   | 3 4 |  4.4
Maces & Flails | 1 2 |  2.3
Stealth        | |  1.4

Action                     |  1- 3 |  4- 6 |  7- 9 || total
---------------------------+-------+-------+-------++-------
  Melee: Unarmed           |    16 |       |       ||    16
         Whip              |    64 |       |     8 ||    72
         Headbutt          |    22 |    21 |    21 ||    64
         Mace              |    38 |   109 |    36 ||   183
         Spear             |       |       |    47 ||    47
   Cast: Foxfire           |     4 |    22 |     8 ||    34
         Scorch            |       |     8 |     7 ||    15
         Sting             |       |     9 |     4 ||    13
         Volatile Blastmot |       |     2 |     4 ||     6
    Use: Potion            |       |     4 |     5 ||     9
   Stab: Sleeping          |     2 |     2 |     4 ||     8
 Armour: Robe              |   101 |   157 |    87 ||   345
  Dodge: Dodged            |    60 |   205 |   105 ||   370

Table legend: (Time is in decaauts)
 A = Elapsed time spent in this place.
 B = Non-inter-level travel time spent in this place.
 C = Inter-level travel time spent in this place.
 D = Time resting spent in this place.
 E = Time spent auto-exploring this place.
 F = Levels seen in this place.
 G = Mean time per level.
                   A        B        C        D        E       F      G
               +--------+--------+--------+--------+--------+-----+--------+
         Total |   4330 |   4221 |    109 |    241 |   2854 |   5 |  866.0 |
       Dungeon |   4330 |   4221 |    109 |    241 |   2854 |   5 |  866.0 |
               +--------+--------+--------+--------+--------+-----+--------+

Top non-repeatable levels by time:
     D:3: 1446 daAuts
     D:4: 1078 daAuts
     D:1: 919 daAuts
     D:2: 519 daAuts
     D:5: 366 daAuts
